 Dungeon Crawl Stone Soup version 0.22-a0-224-g8cf3520 (webtiles) character file.

5 Amnesiac the Charlatan (level 1, -4/10 HPs)
             Began as a Spriggan Artificer on Feb 20, 2018.
             Slain by a goblin
             ... wielding a +0 club
              (6 damage)
             ... on level 2 of the Dungeon.
             The game lasted 00:01:18 (248 turns).

Amnesiac the Charlatan (Spriggan Artificer)          Turns: 248, Time: 00:01:19

Health: -4/10      AC:  2    Str:  8    XL:     1   Next: 66%
Magic:  4/4        EV: 19    Int: 12    God:
Gold:   71         SH:  0    Dex: 20    Spells: 0/0 levels left

rFire    . . .     SeeInvis +   a - +0 short sword
rCold    . . .     Gourm    .   (shield restricted)
rNeg     . . .     Faith    .   b - +0 robe
rPois    .         Spirit   .   (helmet restricted)
rElec    .         Reflect  .   (no cloak)
rCorr    .         Harm     .   (gloves unavailable)
MR       .....                  (boots unavailable)
Stlth    ++........             (no amulet)
HPRegen  0.03/turn              j - +4 ring of dexterity
MPRegen  0.09/turn              (no ring)

@: very quick
A: very small, unfitting armour, see invisible, herbivore, speed 3, slow
metabolism 2
a: no special abilities


You were on level 2 of the Dungeon.
You were not hungry.

You visited 1 branch of the dungeon, and saw 2 of its levels.

You collected 71 gold pieces.

Inventory:

Hand Weapons
 a - a +0 short sword (weapon)
Missiles
 g - 38 stones (quivered)
 i - 25 sling bullets
Armour
 b - a +0 robe (worn)
Jewellery
 j - a +4 ring of dexterity (left hand)
Wands
 c - a wand of flame (15)
 d - a wand of enslavement (15)
 e - a wand of random effects (15)
Potions
 h - a potion of degeneration {!q, unknown}
Comestibles
 f - a ration


   Skills:
 - Level 1.0 Fighting
 - Level 1.1 Short Blades
 + Level 3.2 Dodging
 - Level 1.5 Stealth
 * Level 4.3 Evocations


You couldn't memorise any spells.
You didn't know any spells.

Dungeon Overview and Level Annotations

Branches:
Dungeon (2/15)

Altars:
Xom


Innate Abilities, Weirdness & Mutations

You are very small and have problems with some larger weapons.
You are too small for most types of armour.
You have supernaturally acute eyesight. (SInv)
You are a herbivore.
You cover ground extremely quickly.
You need consume almost no food.


Message History

There are no items here.
A quokka comes into view.
The jackal misses you.
Found a ration.
A goblin comes into view. It is wielding a club.
You see here 8 gold pieces.
You now have 71 gold pieces (gained 8).
The jackal misses you.
The goblin shouts!
You hit the jackal.
You kill the jackal!
The jackal bites you. The jackal completely misses you. The jackal bites you.
The jackal barely misses you.
You see here a jackal corpse.
The teleport trap disappears.
The jackal disappears!
The jackal reappears nearby!
There is a shimmering altar of Xom here.
The teleport trap disappears.
The jackal disappears!
The teleport trap disappears.
The jackal disappears!
A rat comes into view.
Found a ration.
The teleport trap disappears.
The jackal disappears!
You closely miss the rat. The rat completely misses you.
You hit the rat.
The rat is heavily wounded.
The rat misses you.
You completely miss the rat.
The rat is heavily wounded.
The rat barely misses you.
You closely miss the rat.
The rat is heavily wounded.
The quokka misses you. The rat barely misses you.
The quokka closely misses you.
You closely miss the rat.
The rat is heavily wounded.
The rat closely misses you. The quokka closely misses you. The rat misses you.
The rat misses you.
You hit the rat.
You kill the rat!
The jackal misses you.
You hit the quokka.
The quokka is almost dead.
The jackal bites you. The quokka misses you.
You barely miss the quokka.
The quokka is almost dead.
The jackal barely misses you. The quokka barely misses you.
The jackal closely misses you. The quokka completely misses you.
You hit the quokka.
You kill the quokka!
The goblin unwields an uncursed club.
The goblin wields a hunting sling.
The goblin shoots a sling bullet.
The sling bullet hits you.
* * * LOW HITPOINT WARNING * * *
The jackal bites you but does no damage.
The jackal misses you.
You hit the jackal.
You kill the jackal!
Training target 1.0 for Fighting reached!
Your Fighting skill increases to level 1!
You hit the goblin.
The goblin is severely wounded.
The goblin unwields an uncursed hunting sling.
The goblin wields an uncursed club.
The goblin hits you with an uncursed club.
Ouch! That really hurt!
You die...

##### #...# #%..#
#...#### #...g@.# ..
#...##†# #.....##
##.## .# #......##
#.# .. #...<....###.#
#.# #......#.<##.# ..
##s.....##..#.######.
..................# .
............^.....#


You could see a goblin.

Vanquished Creatures
  2 jackals (D:2)
  A quokka (D:2)
  A bat (D:1)
  A rat (D:2)
5 creatures vanquished.

Notes
Turn   | Place    | Note
-------+----------+-------------------------------------------
     0 | D:1      | Amnesiac the Spriggan Artificer began the quest for the Orb.
     0 | D:1      | Reached XP level 1. HP: 9/9 MP: 4/4
    98 | D:2      | Found a shimmering altar of Xom.
   247 | D:2      | Reached skill level 1 in Fighting
   248 | D:2      | Slain by a goblin

Vault maps used:
D:1:      ncdulo_lavacross, minmay_pentomino_r2
D:2:      first_ration, xom_teletrap_fun, uniq_jessica, uniq_robin

Skill      XL: |  1 |
---------------+----+-----
Fighting       | 1 |  1.0
Short Blades   | |  1.1
Dodging        | |  3.2
Stealth        | |  1.5
Evocations     | |  4.3

Action                   || total
-------------------------++-------
Melee: Short sword       ||    13
Armor: Robe              ||     1
Dodge: Dodged            ||    22

Table legend:
 A = Spawn XP
 B = Non-spawn XP
 C = Spawn XP percentage of total XP
 D = Spawn monster count
 E = Non-spawn monster count
 F = Spawn count percentage of total count
 G = Total turns spent on level
                    A         B        C        D         E        F      G
               +---------+---------+-------+---------+---------+-------+---------
         Total |       0 |       8 |   0.0 |       0 |       5 |   0.0 |   248
               +---------+---------+-------+---------+---------+-------+---------
           D:1 |       0 |       1 |   0.0 |       0 |       1 |   0.0 |    98
           D:2 |       0 |       7 |   0.0 |       0 |       4 |   0.0 |   150
               +---------+---------+-------+---------+---------+-------+---------
